 Dungeon Crawl Stone Soup version 0.19.5 (webtiles) character file.

171 equalderp2856 the Scratcher (level 5, -2/24 HPs)
             Began as a Felid Fighter on Mar 7, 2017.
             Slain by a water moccasin (9 damage)
             ... on level 4 of the Dungeon.
             The game lasted 00:09:39 (4085 turns).

equalderp2856 the Scratcher (Felid Fighter)         Turns: 4085, Time: 00:09:40

Health: -2/24      AC:  1    Str: 13    XL:     5   Next: 26%
Magic:  6/6        EV: 21    Int:  9    God:
Gold:   368        SH:  0    Dex: 16    Spells: 0 memorised, 4 levels left
                                        Lives:  0   Deaths: 1

rFire  . . .     SeeInvis +       - Unarmed
rCold  . . .     Gourm    .     (armour unavailable)
rNeg   . . .     Faith    .     (shield unavailable)
rPois  .         Spirit   .     (helmet unavailable)
rElec  .         Reflect  .     (cloak unavailable)
rCorr  .         Harm     .     (gloves unavailable)
MR     .....                    (boots unavailable)
Stlth  +++.......               (no amulet)
                                (no ring)
                                (no ring)

@: lethally poisoned (-2 -> -16), quick
A: no armour, no weapons or thrown items, stealth, claws 1, fangs 3, see
invisible, carnivore 3, speed 1, shaggy fur 1, slow metabolism 1, sharp paws
a: no special abilities


You were on level 4 of the Dungeon.
You were very full.

You visited 1 branch of the dungeon, and saw 4 of its levels.

You collected 368 gold pieces.

Inventory:

Missiles
 u - 13 arrows
Jewellery
 q - a +1 ring of slaying {unknown}
Wands
 n - a wand of lightning (11/15)
Scrolls
 e - a scroll of fear
 f - 6 scrolls of blinking
 i - 2 scrolls of immolation
 o - 2 scrolls of random uselessness
Potions
 a - a potion of might
 c - 2 potions of agility
 d - a potion of berserk rage {unknown}
 g - 3 potions of curing {unknown}
 h - a potion of heal wounds {unknown}
 k - a potion of invisibility {unknown}
 m - 2 potions of haste {unknown}
 p - a potion of degeneration {unknown}
 r - a potion of flight {unknown}
 t - a potion of magic {unknown}
Comestibles
 b - 2 meat rations
 j - a beef jerky
 l - a bread ration
 s - a slice of pizza


   Skills:
 + Level 3.6 Fighting
 + Level 5.3 Dodging
 + Level 2.6 Stealth
 + Level 6.1 Unarmed Combat


You had 4 spell levels left.
You didn't know any spells.

Dungeon Overview and Level Annotations

Branches:
Dungeon (4/15)
 Temple: D:4-7

Altars:
Ashenzari
Gozag
Yredelemnul

Shops:
D:4 :


Innate Abilities, Weirdness & Mutations

You cannot wear armour.
You are incapable of wielding weapons or throwing items.
Your paws allow you to move quietly. (Stealth)
You have sharp claws.
You have razor-sharp teeth.
You have supernaturally acute eyesight. (SInv)
You are carnivorous and can eat meat at any time.
You cover ground quickly.
You are covered in fur. (AC +1)
You have a slow metabolism.
Your sharp claws are effective at attacking unaware monsters.


Message History

The water moccasin bites you!
You barely miss the water moccasin.
The water moccasin is moderately wounded.
The water moccasin barely misses you.
You barely miss the water moccasin.
The water moccasin is moderately wounded.
The water moccasin barely misses you.
You closely miss the water moccasin.
The water moccasin is moderately wounded.
The water moccasin closely misses you. x2
You completely miss the water moccasin.
The water moccasin is moderately wounded.
The water moccasin bites you.
You are lethally poisoned!
The water moccasin poisons you!
You barely miss the water moccasin.
The water moccasin is moderately wounded.
* * * LOW HITPOINT WARNING * * *
You feel sick. The water moccasin bites you!
You die...

#.# #.#
.#......#
#.#####.#
###..∩.#
#.......#
#....#
#########
###..#
##.##
#..# #.##
#.# #@#
#S# #.#
#.# #.#
#?# #.#
#.#


You could see a water moccasin.

Vanquished Creatures
  A hound (D:3)
  An orc wizard (D:3)
  A worker ant (D:4)
  5 adders
  4 gnolls (D:3)
  An adder skeleton (D:4)
  2 worms (D:2)
  A dart slug (D:1)
  3 leopard geckos
  9 orcs (D:3)
  A ball python (D:3)
  A giant cockroach (D:1)
  9 goblins
  10 hobgoblins
  7 jackals (D:4)
  2 quokkas
  6 bats
  8 frilled lizards
  5 kobolds
  8 rats
85 creatures vanquished.

Notes
Turn   | Place    | Note
-------+----------+-------------------------------------------
     0 | D:1      | equalderp2856 the Felid Fighter began the quest for the Orb.
     0 | D:1      | Reached XP level 1. HP: 10/10 MP: 2/2
    50 | D:1      | Reached XP level 2. HP: 14/14 MP: 3/3
   940 | D:2      | Reached XP level 3. HP: 17/17 MP: 4/4
  1054 | D:2      | Found a faded altar of an unknown god.
  2323 | D:3      | Found a basalt altar of Yredelemnul.
  2364 | D:3      | Reached skill level 1 in Stealth
  2364 | D:3      | Reached XP level 4. HP: 21/21 MP: 5/5
  2383 | D:3      | Reached skill level 5 in Unarmed Combat
  3083 | D:3      | Reached XP level 5. HP: 10/24 MP: 6/6
  3398 | D:3      | Reached skill level 5 in Dodging
  3519 | D:3      | Killed from afar by an orc wizard
  3520 | D:3      | Reached XP level 4. HP: -5/21 MP: 5/5
  3540 | D:3      | Reached skill level 6 in Unarmed Combat
  3757 | D:4      | Found a shattered altar of Ashenzari.
  3795 | D:4      | Reached XP level 5. HP: 22/24 MP: 6/6
  3971 | D:4      | Found an opulent altar of Gozag.
  4040 | D:4      | Found Apsestabb's Book Emporium.
  4069 | D:4      | Noticed a water moccasin
  4085 | D:4      | Slain by a water moccasin

Skill      XL: |  1  2  3  4  5 |
---------------+----------------+-----
Stealth        | 1 2 |  2.6
Unarmed Combat | 6 |  6.1
Dodging        | 5 |  5.3
Fighting       | |  3.6

Action                   |  1- 3 |  4- 6 || total
-------------------------+-------+-------++-------
Melee: Unarmed           |   124 |   153 ||   277
       Bite              |     8 |    11 ||    19
       Punch             |       |     4 ||     4
  Use: Scroll            |     7 |     3 ||    10
 Stab: Sleeping          |     2 |     1 ||     3
  Eat: Chunk             |     4 |    12 ||    16
Armor: Skin              |     2 |     5 ||     7
Dodge: Dodged            |    84 |   108 ||   192
